 Dungeon Crawl Stone Soup version 0.31-a0-174-g85c54bcb58 (webtiles) character file.

Game seed: 10550027313493013718

27 mopl the Magician (level 3, 0/21 HPs)
             Began as an Octopode Hedge Wizard on June 15, 2023.
             Slain by a jackal (3 damage)
             ... on level 1 of the Dungeon.
             The game lasted 00:00:56 (248 turns).

mopl the Magician (Octopode Hedge Wizard)            Turns: 248, Time: 00:00:57

Health: 0/21       AC:  1    Str:  9    XL:     3   Next: 10%
Magic:  7/7        EV: 13    Int: 18    God:
Gold:   51         SH:  0    Dex: 11    Spells: 5/8 levels left

rFire   . . .        a - +0 dagger
rCold   . . .        (no shield)
rNeg    . . .        b - +0 hat
rPois   .            (no amulet)
rElec   .            (no ring)
rCorr   .            (no ring)
SInv    .            (no ring)
Will    .....        (no ring)
Stlth   +++          (no ring)
HPRegen 0.23/turn    (no ring)
MPRegen 0.10/turn    (no ring)
                     (no ring)

%: no passive effects
@: no status effects
A: almost no armour, amphibious, 8 rings, camouflage 1, gelatinous body 1,
(nimble swimmer 1), tentacles
a: no special abilities


You were on level 1 of the Dungeon.
You visited 1 branch of the dungeon, and saw 1 of its levels.

You collected 51 gold pieces.

Inventory:

Hand Weapons
 a - a +0 dagger (weapon)
Missiles
 e - 5 boomerangs
Armour
 b - a +0 hat (worn)
 d - an orb of mayhem
Scrolls
 f - a scroll of enchant armour {unknown}
 g - a scroll of teleportation {unknown}
Potions
 c - a potion of magic


   Skills:
 - Level 2.0 Dodging
 - Level 2.6 Stealth
 + Level 3.3 Spellcasting
 + Level 1.8 Conjurations
 - Level 1.0 Summonings
 + Level 1.7 Translocations


You had 5 spell levels left.
You knew the following spells:

 Your Spells              Type           Power      Damage    Failure   Level
a - Magic Dart            Conj           36%        1d4       8%          1
e - Blink                 Tloc           18%        N/A       12%         2

Your spell library contained the following spells:

 Spells                   Type           Power      Damage    Failure   Level
 Slow                     Hex            12%        N/A       16%         1
 Call Imp                 Summ           12%        N/A       16%         2
 Cigotuvi's Dreadful Rot  Necr/Pois/Air  6%         N/A       24%         2
 Scorch                   Fire           6%         2d5       24%         2
 Mephitic Cloud           Conj/Pois/Air  5%         N/A       36%         3
 Flame Wave               Conj/Fire      6%         2d5       71%         4
 Summon Cactus Giant      Summ           3%         N/A       100%        6


Dungeon Overview and Level Annotations

Branches:
Dungeon (1/15)

Altars:


Innate Abilities, Weirdness & Mutations

You cannot wear most types of armour.
You are amphibious.
You can wear up to eight rings at the same time.
Your skin changes colour to match your surroundings (Stealth+).
Your rubbery body absorbs attacks. (AC +1, EV +1)
((You are camouflaged when in or above water. (Stealth+)))
You have tentacles for arms and can constrict up to eight enemies at once.


Message History

You barely miss the bat. Your grab misses the bat. The bat closely misses you.
You miss the bat. Your grab misses the bat.
The bat hits you but does no damage.
You hit the bat but do no damage. Your grab misses the bat.
The bat closely misses you.
You closely miss the bat. Your grab misses the bat.
The bat hits you but does no damage. The bat hits you.
You hit the bat. Your grab misses the bat.
The bat is moderately wounded.
The bat barely misses you. The bat closely misses you.
You miss the bat. You grab the bat.
The bat is moderately wounded.
You constrict the bat, but do no damage.
The bat barely misses you. The bat closely misses you.
You hit the bat.
You kill the bat!
You have reached level 3!
Your experience leads to an increase in your attributes!
Increase (S)trength, (I)ntelligence, or (D)exterity?
You feel clever. x2
You hit the jackal. Your grab misses the jackal.
The jackal is severely wounded.
The jackal bites you. The jackal barely misses you.
You completely miss the jackal. You grab the jackal.
You squeeze the jackal, but do no damage.
The jackal is severely wounded.
You constrict the jackal.
You kill the jackal!
You barely miss the giant cockroach. You grab the giant cockroach.
You squeeze the giant cockroach.
You kill the giant cockroach!
The jackal bites you.
You closely miss the jackal. Your grab misses the jackal. The jackal bites you.
* * * LOW HITPOINT WARNING * * *
You barely miss the jackal. Your grab misses the jackal.
The jackal barely misses you.
You barely miss the jackal. Your grab misses the jackal. The jackal bites you.
* * * LOW HITPOINT WARNING * * *
The jackal bites you.
You die...

#.....#..........#.
#.....#..g.........
#.....#.###..###... #
..............$.# #
..............#.# ##
#+###.........# .###### ###.#
#...##....# ......#
#...###gw.........# ......#
###.#..@hr#####...#.#
......####...#.####### #......
...................... >.....
###...####.#...####### ..#..
#...#+####.#.########
#.#(................#####
#.#.......##.####.......#
#.#.......##....#.#.###.#+#####
#.###..†.....#.##.#...........#


You could see a dart slug, a jackal, a hobgoblin and a rat.

Vanquished Creatures
  A dart slug (D:1)
  3 ball pythons (D:1)
  3 bats (D:1)
  2 endoplasms (D:1)
  2 giant cockroaches (D:1)
  2 goblins (D:1)
  2 hobgoblins (D:1)
  A jackal (D:1)
  A kobold (D:1)
  A quokka (D:1)
  3 frilled lizards (D:1)
  A rat (D:1)
22 creatures vanquished.

Notes
Turn   | Place    | Note
-------+----------+-------------------------------------------
     0 | D:1      | mopl the Octopode Hedge Wizard began the quest for the Orb.
     0 | D:1      | Reached XP level 1. HP: 11/11 MP: 4/4
    44 | D:1      | Reached XP level 2. HP: 12/17 MP: 1/6
    47 | D:1      | Learned a level 2 spell: Blink
   217 | D:1      | Found a faded altar of an unknown god.
   243 | D:1      | Reached XP level 3. HP: 10/21 MP: 7/7
   248 | D:1      | Slain by a jackal

Illustrated notes

Levels and vault maps discovered:
D:1:      minmay_arrival_cross, layout_basic, hellmonk_ecumenical_altar_lost_god

Action                     || total
---------------------------++-------
  Melee: Dagger            ||    51
         Constrict         ||    11
         Tentacles         ||    10
   Cast: Magic Dart        ||     9
   Stab: Sleeping          ||     3
 Armour: Skin              ||     7
  Dodge: Dodged            ||    51

Table legend: (Time is in decaauts)
 A = Elapsed time spent in this place.
 B = Non-inter-level travel time spent in this place.
 C = Inter-level travel time spent in this place.
 D = Time resting spent in this place.
 E = Time spent auto-exploring this place.
 F = Levels seen in this place.
 G = Mean time per level.
                   A        B        C        D        E       F      G
               +--------+--------+--------+--------+--------+-----+--------+
         Total |    248 |    248 |      0 |      0 |    115 |   1 |  248.0 |
       Dungeon |    248 |    248 |      0 |      0 |    115 |   1 |  248.0 |
               +--------+--------+--------+--------+--------+-----+--------+

Top non-repeatable levels by time:
     D:1: 248 daAuts
